Map: Nightshade LE

Players

GOReynor (Reynor)

  • Race: Zerg Zerg
  • League: Master
  • Spawn Location: 11:00

Serral - Winner!

  • Race: Zerg Zerg
  • Spawn Location: 5:00

Event: NationWars 2019

VOD

Have the link to the VOD?

Description

Time

  • Played on: Dec. 8, 2019, 7:55 a.m.
  • Length: 7:26

All games in this series

Show
View Real Time Build Order
Export as new Build Order

GOReynor Zerg 

Build Orders: Hatch First 

Get SALT Encoding   

  12  0:00  Drone  
  13  0:12  Overlord  
  13  0:17  Drone  
  14  0:30  Drone x2  
  16  0:48  Hatchery  
  15  0:52  Drone  
  15  0:54  Drone  
  17  0:58  Drone  
  18  1:09  Extractor  
  17  1:13  Spawning Pool  
  17  1:16  Drone  
  17  1:20  Drone  
  18  1:27  Drone  
  19  1:39  Drone  
  20  1:49  Overlord  
  20  2:00  Drone, Queen x2  
  20  2:01  Zergling x2  
  26  2:11  Drone x2  
  26  2:14  Metabolic Boost  
  28  2:21  Drone  
  28  2:22  Drone  
  30  2:37  Hatchery  
  30  2:40  Drone x2  
  30  2:43  Drone  
  32  2:49  Drone  
  32  2:51  Baneling Nest  
  32  2:54  Overlord  
  32  2:57  Drone  
  33  3:05  Drone x2  
  35  3:11  Drone  
  36  3:13  Zergling x10  
  42  3:20  Zergling x2  
  42  3:22  Overlord  
  42  3:26  Evolution Chamber  
  41  3:27  Queen  
  41  3:30  Zergling x2  
  44  3:34  Baneling x2  
  44  3:42  Drone x4  
  44  3:45  Drone x3  
  44  3:47  Drone  
  52  3:48  Drone  
  52  3:54  Drone  
  54  3:59  Zerg Missile Weapons Level 1  
  54  4:01  Overlord  
  54  4:04  Drone x2  
  54  4:06  Drone  
  53  4:14  Drone x2  
  54  4:18  Zergling x4  
  54  4:21  Roach Warren  
  54  4:22  Roach Warren  
  54  4:23  Drone  
  54  4:24  Lair  
  56  4:26  Extractor  
  56  4:28  Drone x3, Extractor  
  56  4:30  Drone  
  58  4:32  Extractor  
  58  4:34  Zergling x4  
  59  4:40  Zergling x4  
  59  4:42  Overlord  
  62  4:46  Baneling  
  62  4:49  Drone  
  62  4:50  Drone x2  
  64  4:53  Drone x2  
  64  4:54  Baneling  
  64  4:57  Overlord  
  66  5:00  Extractor  
  66  5:02  Drone x3  
  66  5:06  Drone x3  
  71  5:10  Drone x3  
  70  5:16  Spore Crawler  
  72  5:23  Drone x3  
  72  5:24  Extractor  
  72  5:25  Roach x2  
  72  5:26  Extractor  
  72  5:27  Drone x2  
  72  5:28  Overlord  
  77  5:29  Roach  
  77  5:31  Spine Crawler, Roach  
  77  5:32  Spine Crawler  
  81  5:36  Zergling x2  
  81  5:38  Baneling x7  
  81  5:41  Spine Crawler  
  81  5:42  Spine Crawler  
  80  5:44  Roach  
  80  5:48  Spine Crawler, Overlord  
  80  5:49  Roach  
  83  5:56  Zergling x2, Roach x3  
  83  6:01  Zergling x2, Roach x3  
  85  6:04  Roach  
  85  6:05  Zergling x2  
  85  6:07  Roach  
  85  6:10  Zergling x2, Roach  
  91  6:14  Zergling x2, Roach  
  91  6:18  Roach  
  79  6:22  Roach  
  79  6:23  Roach  
  76  6:27  Roach  
  76  6:32  Roach  
  72  6:34  Roach  
  72  6:37  Queen  
  72  6:39  Roach  
  65  6:43  Roach  
  65  6:46  Roach  
Show
View Real Time Build Order
Export as new Build Order

Serral Zerg - Winner!

Build Orders: Hatch First 

Get SALT Encoding   

  12  0:00  Drone  
  13  0:12  Overlord  
  13  0:17  Drone  
  14  0:30  Drone x2  
  16  0:47  Hatchery  
  15  0:51  Drone  
  15  0:54  Drone  
  17  0:57  Drone  
  18  1:08  Extractor  
  17  1:13  Spawning Pool  
  17  1:16  Drone  
  17  1:20  Drone  
  18  1:27  Drone  
  19  1:38  Drone  
  20  1:49  Drone  
  21  1:59  Queen, Overlord  
  21  2:00  Zergling x2, Queen  
  26  2:08  Metabolic Boost  
  26  2:11  Drone x2  
  29  2:22  Drone  
  29  2:23  Drone  
  30  2:38  Hatchery  
  30  2:39  Drone x2  
  31  2:44  Drone  
  31  2:47  Baneling Nest  
  31  2:50  Overlord  
  31  2:54  Drone  
  31  2:56  Drone  
  33  3:04  Zergling x4  
  35  3:08  Drone  
  35  3:10  Drone x3  
  35  3:11  Drone  
  40  3:15  Overlord  
  40  3:19  Zergling x4  
  42  3:24  Queen  
  44  3:28  Evolution Chamber  
  44  3:30  Zergling x2  
  44  3:33  Drone  
  45  3:38  Drone x2  
  45  3:40  Drone x2  
  49  3:42  Drone  
  49  3:44  Baneling  
  49  3:45  Zergling x2  
  49  3:47  Drone  
  49  3:48  Drone  
  52  3:50  Baneling  
  52  3:55  Baneling  
  52  3:56  Roach Warren, Zergling x2  
  52  3:59  Zergling x2  
  52  4:01  Drone  
  52  4:02  Extractor  
  53  4:07  Zergling x2  
  53  4:08  Drone x2  
  54  4:11  Extractor  
  54  4:15  Drone, Overlord  
  54  4:18  Overlord  
  54  4:20  Zergling x4  
  54  4:22  Overlord  
  56  4:31  Overlord x2  
  55  4:42  Roach x4  
  63  4:47  Roach x2  
  67  4:54  Roach x3  
  67  4:55  Baneling  
  73  5:01  Roach x3  
  73  5:05  Roach  
  81  5:12  Roach x3  
  87  5:16  Roach x2  
  87  5:21  Overlord  
  91  5:23  Roach  
  91  5:24  Overlord  
  92  5:31  Baneling x6  
  92  5:36  Zergling x2  
  92  5:37  Zergling x6  
  92  5:39  Zergling x4  
  98  5:43  Zergling x4  
  98  5:47  Zergling x6  
  95  5:57  Zergling x8  
  95  6:01  Zergling x8  
  95  6:03  Ravager  
  99  6:11  Zergling x12  
  99  6:14  Zergling x4  
  99  6:16  Ravager x2  
  99  6:18  Ravager  
  105  6:21  Zergling x2  
  105  6:24  Lair  
  100  6:30  Zergling x4  
  96  6:35  Zergling x6  
  88  6:44  Zergling x12  
  93  6:51  Zergling x2  
Tags
 
Add a new tag
Caveats
  • Supply blocks, unpowered buildings, or Contaminate may cause inaccurate times.
  • Supply counts are checked every 10 seconds.